| TOP OF THE 1ST |
|
Harrisburg Senators batting - Pitching for Jacksonville Suns : LHP Mike Wasson
|
|
Pitching: LHP Mike Wasson
|
|
|
Batting: RHB Pat Drader
|
0-0: Ball 1-0: Foul Ball, location: 2F 1-1: Ball 2-1: Ball 3-1: Foul Ball, location: 2F 3-2: Foul Ball, location: 2F 3-2: Base on Balls
|
|
Batting: RHB Hisayuki Akiyama
|
0-0: Grounds into double play, 4-6-3 (Groundball, 4, EV 85.0 MPH)
|
|
Batting: RHB Kevin Whitenack
|
0-0: Ball 1-0: Foul Ball, location: 2F 1-1: Foul Ball, location: 2F 1-2: Ball 2-2: Foul Ball, location: 2F 2-2: Ground out 5-3 (Groundball, 5L, EV 102.5 MPH)
|
| Top of the 1st over - 0 runs, 0 hits, 0 errors, 0 left on base; Harrisburg 0 - Jacksonville 0 |
| BOTTOM OF THE 1ST |
|
Jacksonville Suns batting - Pitching for Harrisburg Senators : RHP Ivano Galikov
|
|
Pitching: RHP Ivano Galikov
|
|
|
Batting: RHB Len Graham
|
0-0: Foul Ball, location: 2F 0-1: Swinging Strike 0-2: Ball 1-2: Foul Ball, location: 2F 1-2: Ball 2-2: Ball 3-2: Base on Balls
|
|
Batting: LHB Jose Bregaro
|
0-0: Ball 1-0: Foul Ball, location: 2F 1-1: Ball Pickoff Throw by Catcher to First - Out! 2-1: Foul Ball, location: 2F 2-2: Ball 3-2: SINGLE (Line Drive, 4D, EV 98.1 MPH)
|
|
Batting: RHB Jack Power
|
0-0: Ball 1-0: Called Strike 1-1: Fly out, F9 (Flyball, 89D, EV 93.1 MPH) Runner from 1st tags up, SAFE at 2nd
|
|
Batting: LHB Adam Durgin
|
0-0: Called Strike 0-1: Ball 1-1: Swinging Strike 1-2: Foul Ball, location: 2F 1-2: Ball 2-2: Ball 3-2: Strikes out looking
|
| Bottom of the 1st over - 0 runs, 1 hit, 0 errors, 1 left on base; Harrisburg 0 - Jacksonville 0 |
| TOP OF THE 2ND |
|
Harrisburg Senators batting - Pitching for Jacksonville Suns : LHP Mike Wasson
|
|
Batting: RHB Slavik Nebrodov
|
0-0: Called Strike 0-1: Ball 1-1: Swinging Strike 1-2: Foul Ball, location: 2F 1-2: Strikes out swinging
|
|
Batting: LHB Evan Oliveri
|
0-0: Swinging Strike 0-1: Foul Ball, location: 2F 0-2: Fly out, F8 (Line Drive, 8LD, EV 96.2 MPH)
|
|
Batting: RHB Donovan Auclair
|
0-0: Ground out 4-3 (Groundball, 34, EV 105.6 MPH)
|
| Top of the 2nd over - 0 runs, 0 hits, 0 errors, 0 left on base; Harrisburg 0 - Jacksonville 0 |
| BOTTOM OF THE 2ND |
|
Jacksonville Suns batting - Pitching for Harrisburg Senators : RHP Ivano Galikov
|
|
Batting: RHB Rick Fell
|
0-0: Called Strike 0-1: Swinging Strike 0-2: Foul Ball, location: 2F 0-2: Ball 1-2: Foul Ball, location: 2F 1-2: Strikes out swinging
|
|
Batting: RHB Willie Chavez
|
0-0: Swinging Strike 0-1: Swinging Strike 0-2: Ball 1-2: Ball 2-2: Ball 3-2: Foul Ball, location: 2F 3-2: Fly out, F7 (Line Drive, 7, EV 104.4 MPH)
|
|
Batting: RHB Tom Thompson
|
0-0: Called Strike 0-1: Fly out, F7 (Flyball, 7, EV 81.9 MPH)
|
| Bottom of the 2nd over - 0 runs, 0 hits, 0 errors, 0 left on base; Harrisburg 0 - Jacksonville 0 |
| TOP OF THE 3RD |
|
Harrisburg Senators batting - Pitching for Jacksonville Suns : LHP Mike Wasson
|
|
Batting: SHB Dan Castaneda
|
0-0: Called Strike 0-1: Swinging Strike 0-2: Ball 1-2: Strikes out swinging
|
|
Batting: LHB Nate Melendez
|
0-0: Ball 1-0: Ball 2-0: Ball 3-0: Base on Balls
|
|
Batting: RHB Jim Towle
|
0-0: Called Strike 0-1: Called Strike 0-2: Strikes out swinging
|
|
Batting: RHB Pat Drader
|
0-0: Ball 1-0: Ball 2-0: Foul Ball, location: 2F 2-1: Fielders Choice at 2nd, 6-4 (Groundball, 6, EV 80.0 MPH)
|
| Top of the 3rd over - 0 runs, 0 hits, 0 errors, 1 left on base; Harrisburg 0 - Jacksonville 0 |
| BOTTOM OF THE 3RD |
|
Jacksonville Suns batting - Pitching for Harrisburg Senators : RHP Ivano Galikov
|
|
Batting: RHB Gavin Helton
|
0-0: Ground out 5-3 (Groundball, 56, EV 78.8 MPH)
|
|
Batting: RHB Pat Peterson
|
0-0: Called Strike 0-1: Ball 1-1: SINGLE (Line Drive, 8LS, EV 99.4 MPH)
|
|
Batting: RHB Len Graham
|
0-0: Foul Ball, location: 2F 0-1: Called Strike 0-2: Ball 1-2: Ball 2-2: Strikes out swinging
|
|
Batting: LHB Jose Bregaro
|
0-0: Foul Ball, location: 2F 0-1: Ball 1-1: Ball 2-1: Foul Ball, location: 2F 2-2: Strikes out swinging
|
| Bottom of the 3rd over - 0 runs, 1 hit, 0 errors, 1 left on base; Harrisburg 0 - Jacksonville 0 |
| TOP OF THE 4TH |
|
Harrisburg Senators batting - Pitching for Jacksonville Suns : LHP Mike Wasson
|
|
Batting: RHB Hisayuki Akiyama
|
0-0: Ball 1-0: Ball 2-0: Swinging Strike 2-1: DOUBLE (Line Drive, 3D, EV 100.6 MPH)
|
|
Batting: RHB Kevin Whitenack
|
0-0: Foul Ball, location: 2F 0-1: Hit by Pitch
|
|
Batting: RHB Slavik Nebrodov
|
0-0: Ball 1-0: Ball 2-0: Foul Ball, location: 2F 2-1: Called Strike 2-2: Foul Ball, location: 2F 2-2: Ball 3-2: Foul Ball, location: 2F 3-2: Base on Balls Hisayuki Akiyama to third Kevin Whitenack to second
|
|
Batting: LHB Evan Oliveri
|
0-0: Called Strike 0-1: Called Strike 0-2: Ball 1-2: Ball 2-2: Ball 3-2: Base on Balls Hisayuki Akiyama scores Kevin Whitenack to third Slavik Nebrodov to second
|
|
Pitching: RHP Pedro Taveras
|
|
|
Batting: RHB Donovan Auclair
|
0-0: Ball 1-0: SINGLE (Flyball, 89S, EV 94.4 MPH) Kevin Whitenack scores Slavik Nebrodov to third Evan Oliveri to second Runner from 3rd tries for Home, SAFE, throw by CF to home
|
|
Batting: SHB Dan Castaneda
|
0-0: Ball 1-0: Called Strike 1-1: TRIPLE (Line Drive, 9D, EV 106.2 MPH) Evan Oliveri scores Donovan Auclair scores
|
|
Batting: LHB Nate Melendez
|
0-0: Called Strike 0-1: SINGLE (Groundball, 6MD, EV 108.1 MPH) Dan Castaneda scores
|
|
Batting: RHB Jim Towle
|
0-0: Called Strike 0-1: Called Strike 0-2: Ball 1-2: Foul Ball, location: 2F 1-2: Strikes out swinging
|
|
Batting: RHB Pat Drader
|
0-0: Called Strike Nate Melendez is caught stealing 2nd base 2-4 0-1: Swinging Strike 0-2: Strikes out swinging
|
| Top of the 4th over - 6 runs, 4 hits, 0 errors, 0 left on base; Harrisburg 6 - Jacksonville 0 |
| BOTTOM OF THE 4TH |
|
Jacksonville Suns batting - Pitching for Harrisburg Senators : RHP Ivano Galikov
|
|
Batting: RHB Jack Power
|
0-0: Called Strike 0-1: DOUBLE (Flyball, 8LXD, EV 101.2 MPH)
|
|
Batting: LHB Adam Durgin
|
0-0: Ball 1-0: Ball 2-0: Ball 3-0: Base on Balls
|
|
Batting: RHB Rick Fell
|
0-0: Ball 1-0: Foul Ball, location: 2F 1-1: Ball 2-1: SINGLE (Groundball, 25, EV 68.1 MPH) (infield hit) Jack Power to third Adam Durgin to second
|
|
Batting: RHB Willie Chavez
|
0-0: Ball 1-0: Called Strike 1-1: SINGLE (Groundball, 4D, EV 105.6 MPH) Jack Power scores Adam Durgin to third Rick Fell to second Runner from 3rd tries for Home, SAFE, throw by RF to home
|
|
Batting: RHB Tom Thompson
|
0-0: Fly out, F6 (Line Drive, 6, EV 63.1 MPH)
|
|
Batting: RHB Gavin Helton
|
0-0: Fielders Choice at 2nd, 4-6 (Groundball, 4MS, EV 89.4 MPH) Rick Fell to third
|
|
Batting: RHB Pat Peterson
|
0-0: Swinging Strike 0-1: Swinging Strike 0-2: Ball 1-2: Strikes out swinging
|
| Bottom of the 4th over - 2 runs, 3 hits, 0 errors, 2 left on base; Harrisburg 6 - Jacksonville 2 |
| TOP OF THE 5TH |
|
Harrisburg Senators batting - Pitching for Jacksonville Suns : RHP Pedro Taveras
|
|
Batting: RHB Hisayuki Akiyama
|
0-0: Ball 1-0: Called Strike 1-1: Ball 2-1: Ball 3-1: Foul Ball, location: 2F 3-2: Strikes out swinging
|
|
Batting: RHB Kevin Whitenack
|
0-0: Called Strike 0-1: Ball 1-1: Ball 2-1: Foul Ball, location: 2F 2-2: Foul Ball, location: 2F 2-2: Foul Ball, location: 2F 2-2: Fly out, F7 (Flyball, 78M, EV 88.8 MPH)
|
|
Batting: RHB Slavik Nebrodov
|
0-0: Ball 1-0: Ball 2-0: Ball 3-0: Base on Balls
|
|
Pitching: RHP Joe Lynn
|
|
|
Batting: LHB Evan Oliveri
|
0-0: Ball 1-0: Swinging Strike 1-1: Swinging Strike 1-2: Strikes out swinging
|
| Top of the 5th over - 0 runs, 0 hits, 0 errors, 1 left on base; Harrisburg 6 - Jacksonville 2 |
| BOTTOM OF THE 5TH |
|
Jacksonville Suns batting - Pitching for Harrisburg Senators : RHP Ivano Galikov
|
|
Batting: RHB Len Graham
|
0-0: Fly out, F8 (Flyball, 8LM, EV 83.8 MPH)
|
|
Batting: LHB Jose Bregaro
|
0-0: Ball 1-0: Foul Ball, location: 2F 1-1: Ground out 1-3 (Groundball, 34S, EV 72.5 MPH)
|
|
Batting: RHB Jack Power
|
0-0: Swinging Strike 0-1: Ground out 5-3 (Groundball, 56, EV 100.0 MPH)
|
| Bottom of the 5th over - 0 runs, 0 hits, 0 errors, 0 left on base; Harrisburg 6 - Jacksonville 2 |
| TOP OF THE 6TH |
|
Harrisburg Senators batting - Pitching for Jacksonville Suns : RHP Joe Lynn
|
|
Batting: RHB Donovan Auclair
|
0-0: Swinging Strike 0-1: Swinging Strike 0-2: Ball 1-2: Foul Ball, location: 2F 1-2: Foul Ball, location: 2F 1-2: Ball 2-2: Strikes out looking
|
|
Batting: SHB Dan Castaneda
|
0-0: Called Strike 0-1: Called Strike 0-2: Strikes out swinging
|
|
Batting: LHB Nate Melendez
|
0-0: Called Strike 0-1: Swinging Strike 0-2: SINGLE (Line Drive, 89S, EV 100.0 MPH)
|
|
Batting: RHB Jim Towle
|
0-0: Ball 1-0: Ball 2-0: Ball 3-0: Foul Ball, location: 2F 3-1: Foul Ball, location: 2F 3-2: Strikes out looking
|
| Top of the 6th over - 0 runs, 1 hit, 0 errors, 1 left on base; Harrisburg 6 - Jacksonville 2 |
| BOTTOM OF THE 6TH |
|
Jacksonville Suns batting - Pitching for Harrisburg Senators : RHP Ivano Galikov
|
|
Batting: LHB Adam Durgin
|
0-0: Ball 1-0: Fly out, F9 (Flyball, 89M, EV 88.1 MPH)
|
|
Batting: RHB Rick Fell
|
0-0: Called Strike 0-1: Ball 1-1: Foul Ball, location: 2F 1-2: Fly out, F8 (Flyball, 8RM, EV 86.9 MPH)
|
|
Batting: RHB Willie Chavez
|
0-0: Ball 1-0: Called Strike 1-1: Ball 2-1: SINGLE (Line Drive, 9S, EV 100.6 MPH)
|
|
Batting: RHB Tom Thompson
|
0-0: Ball 1-0: Ball 2-0: Foul Ball, location: 2F 2-1: Called Strike 2-2: Fly out, F8 (Flyball, 78S, EV 86.9 MPH)
|
| Bottom of the 6th over - 0 runs, 1 hit, 0 errors, 1 left on base; Harrisburg 6 - Jacksonville 2 |
| TOP OF THE 7TH |
|
Harrisburg Senators batting - Pitching for Jacksonville Suns : RHP Joe Lynn
|
|
Pitching: RHP Tim Sherrill
|
|
|
Batting: RHB Pat Drader
|
0-0: Foul Ball, location: 2F 0-1: Foul Ball, location: 2F 0-2: Ball 1-2: Fly out, F6 (Line Drive, 6M, EV 69.4 MPH)
|
|
Batting: RHB Hisayuki Akiyama
|
0-0: Ball 1-0: Swinging Strike 1-1: Called Strike 1-2: Strikes out swinging
|
|
Batting: RHB Kevin Whitenack
|
0-0: Ball 1-0: Foul Ball, location: 2F 1-1: Called Strike 1-2: Ball 2-2: Strikes out swinging
|
| Top of the 7th over - 0 runs, 0 hits, 0 errors, 0 left on base; Harrisburg 6 - Jacksonville 2 |
| BOTTOM OF THE 7TH |
|
Jacksonville Suns batting - Pitching for Harrisburg Senators : RHP Ivano Galikov
|
|
Batting: RHB Gavin Helton
|
0-0: Called Strike 0-1: Ball 1-1: Called Strike 1-2: Foul Ball, location: 2F 1-2: Ball 2-2: Ball 3-2: Ground out 6-3 (Groundball, 6, EV 85.0 MPH)
|
|
Pitching: RHP Gilberto Ricalde
|
|
|
Batting: RHB Pat Peterson
|
0-0: Called Strike 0-1: Ground out 5-3 (Groundball, 5, EV 80.0 MPH)
|
|
Batting: RHB Len Graham
|
0-0: Foul Ball, location: 2F 0-1: Called Strike 0-2: Ball 1-2: Ball 2-2: Foul Ball, location: 2F 2-2: Ball 3-2: Foul Ball, location: 2F 3-2: Ground out 6-3 (Groundball, 56, EV 93.8 MPH)
|
| Bottom of the 7th over - 0 runs, 0 hits, 0 errors, 0 left on base; Harrisburg 6 - Jacksonville 2 |
| TOP OF THE 8TH |
|
Harrisburg Senators batting - Pitching for Jacksonville Suns : RHP Tim Sherrill
|
|
Pitching: LHP Melvin Fonseca
|
|
|
Batting: RHB Slavik Nebrodov
|
0-0: Ball 1-0: Ball 2-0: Called Strike 2-1: Ball 3-1: Base on Balls
|
|
Batting: LHB Evan Oliveri
|
0-0: Ball 1-0: Called Strike 1-1: Called Strike 1-2: Ball 2-2: Strikes out looking
|
|
Batting: RHB Donovan Auclair
|
0-0: Ball 1-0: Ball 2-0: Ball 3-0: Base on Balls Slavik Nebrodov to second
|
|
Batting: SHB Dan Castaneda
|
0-0: Called Strike 0-1: Ball 1-1: Foul Ball, location: 2F 1-2: Ball 2-2: Strikes out looking
|
|
Batting: LHB Nate Melendez
|
0-0: Called Strike 0-1: Fly out, F8 (Flyball, 8RXD, EV 98.1 MPH)
|
| Top of the 8th over - 0 runs, 0 hits, 0 errors, 2 left on base; Harrisburg 6 - Jacksonville 2 |
| BOTTOM OF THE 8TH |
|
Jacksonville Suns batting - Pitching for Harrisburg Senators : RHP Gilberto Ricalde
|
|
Batting: LHB Jose Bregaro
|
0-0: Ground out 4-3 (Groundball, 4, EV 109.4 MPH)
|
|
Batting: RHB Jack Power
|
0-0: Ball 1-0: SOLO HOME RUN (Flyball, 7D, EV 93.1 MPH), Distance : 368 ft
|
|
Batting: LHB Adam Durgin
|
0-0: Called Strike 0-1: Ball 1-1: Called Strike 1-2: Foul Ball, location: 2F 1-2: Foul Ball, location: 2F 1-2: Ball 2-2: Ball 3-2: Base on Balls
|
|
Batting: RHB Rick Fell
|
0-0: Ball 1-0: Swinging Strike 1-1: Ball 2-1: Ball 3-1: Fly out, F8 (Flyball, 89M, EV 88.1 MPH)
|
|
Pitching: RHP Alex Vasquez
|
|
|
Batting: RHB Willie Chavez
|
0-0: Hit by Pitch Adam Durgin to second
|
|
Batting: RHB Tom Thompson
|
0-0: Called Strike 0-1: Ball 1-1: Called Strike 1-2: Strikes out looking
|
| Bottom of the 8th over - 1 run, 1 hit, 0 errors, 2 left on base; Harrisburg 6 - Jacksonville 3 |
| TOP OF THE 9TH |
|
Harrisburg Senators batting - Pitching for Jacksonville Suns : LHP Melvin Fonseca
|
|
Pitching: LHP Alex Villarreal
|
|
|
Batting: RHB Jim Towle
|
0-0: Ball 1-0: Foul Ball, location: 2F 1-1: Swinging Strike 1-2: Ball 2-2: Strikes out swinging
|
|
Batting: RHB Pat Drader
|
0-0: Ground out U3 (Groundball, 3, EV 85.0 MPH)
|
|
Batting: RHB Hisayuki Akiyama
|
0-0: Ball 1-0: Ball 2-0: Ball 3-0: Called Strike 3-1: Base on Balls
|
|
Batting: RHB Kevin Whitenack
|
0-0: Ball Hisayuki Akiyama steals 2nd base (no throw) 1-0: Foul Ball, location: 2F 1-1: Foul Ball, location: 2F 1-2: Strikes out looking
|
| Top of the 9th over - 0 runs, 0 hits, 0 errors, 1 left on base; Harrisburg 6 - Jacksonville 3 |
| BOTTOM OF THE 9TH |
|
Jacksonville Suns batting - Pitching for Harrisburg Senators : RHP Alex Vasquez
|
|
Pitching: RHP Steve Barnes
|
|
|
Batting: RHB Gavin Helton
|
0-0: Called Strike 0-1: DOUBLE (Line Drive, 89M, EV 111.9 MPH)
|
|
Pinch Hitting: LHB Mike Kara
|
0-0: SINGLE (Groundball, 4M, EV 95.6 MPH) (infield hit) Gavin Helton to third
|
|
Batting: RHB Len Graham
|
0-0: Fielders Choice at 2nd, 5-4 (Groundball, 5S, EV 81.2 MPH) Gavin Helton scores
|
|
Batting: LHB Jose Bregaro
|
0-0: Ball 1-0: Foul Ball, location: 2F 1-1: SINGLE (Groundball, 25, EV 73.8 MPH) (infield hit) Len Graham to second
|
|
Batting: RHB Jack Power
|
0-0: Ball 1-0: Grounds into double play, 3-6-3 (Groundball, 34, EV 98.8 MPH)
|
| Bottom of the 9th over - 1 run, 3 hits, 0 errors, 1 left on base; Harrisburg 6 - Jacksonville 4 |
|